AoeStats
← Minmaj

Arena

510169914Analyzed
3v3 RM · 3d ago on Sep 29, 2026· 58m 13s· 6 players
Game mode
Random Map
Map size
Normal (6 player)
Population
200
Speed
Normal
Resources
Standard
Victory
Conquest
Starting age
Dark Age
Ending age
Imperial Age
RankedLock teamsTeams togetherTeam positionsShared explorationLock speedFull tech treeHidden civsTurbo modeCheats
Victory
Defeat
🇨🇴 Turks · Colombia
1067
+14
🇦🇷 Byzantines · Argentina
1055
+15
🇹🇷 Mongols · Türkiye
1053
+15
🇹🇷 Franks · Türkiye
1042
-15
🇹🇷 Turks · Türkiye
1037
-15
🇹🇷 Khmer · Türkiye
1006
-14
decarolinadelnorte
9:46 Feudal Age
14:15 Castle Age
12:58 Double-Bit Axe
12:56 Horse Collar
16:56 Wheelbarrow
20:22 Loom
22:19 Bow Saw
22:07 Gold Mining
22:13 Stone Mining
22:28 Heavy Plow
25:38 Gold Shaft Mining
25:42 Stone Shaft Mining
28:40 Imperial Age
27:36 Hand Cart
28:01 Fletching
27:54 Treadmill Crane
28:49 Bodkin Arrow
30:24 Chemistry
33:04 Scale Mail Armor
33:17 Forging
32:45 Pikeman
33:26 Squires
32:55 Elite Varangian Guard
33:21 Arson
33:37 Squires
34:26 Chain Mail Armor
35:14 Gambesons
35:37 Scale Barding Armor
36:05 Plate Mail Armor
36:08 Conscription
39:49 Iron Casting
46:55 Bracer
47:28 Ballistics
47:46 Guilds
52:26 Scale Barding Armor
52:14 Elite Cataphract
53:06 Logistica
54:05 Crop Rotation
54:05 Murder Holes
54:36 Chain Barding Armor
57:16 Plate Barding Armor
HaakonFloKSven
11:54 Feudal Age
16:12 Castle Age
14:27 Double-Bit Axe
14:54 Horse Collar
15:25 Gold Mining
18:02 Fletching
22:19 Heavy Plow
23:15 Town Watch
28:19 Wheelbarrow
27:44 Town Patrol
28:15 Loom
32:32 Imperial Age
30:17 Bow Saw
30:34 Padded Archer Armor
30:57 Ballistics
31:39 Gold Shaft Mining
31:48 Leather Archer Armor
34:58 Ring Archer Armor
36:42 Conscription
38:26 Hand Cart
42:30 Artillery
45:34 Bombard Tower
45:46 Elite Janissary
48:33 Bodkin Arrow
48:49 Forging
51:42 Scale Barding Armor
52:13 Iron Casting
51:40 Husbandry
51:51 Bloodlines
57:49 Chain Barding Armor
58:30 Blast Furnace
Minmaj
10:01 Feudal Age
14:12 Castle Age
12:27 Double-Bit Axe
13:52 Horse Collar
14:33 Fletching
14:47 Padded Archer Armor
20:59 Loom
23:42 Wheelbarrow
28:18 Bloodlines
28:21 Bow Saw
28:12 Heavy Plow
28:25 Husbandry
31:43 Imperial Age
29:38 Scale Barding Armor
29:43 Forging
28:55 Light Cavalry
30:35 Hand Cart
30:51 Ballistics
30:42 Fortified Wall
30:42 Bodkin Arrow
32:30 Iron Casting
32:10 Leather Archer Armor
32:26 Chain Barding Armor
33:02 Bracer
33:10 Thumb Ring
33:30 Parthian Tactics
34:02 Heavy Cavalry Archer
35:45 Blast Furnace
34:35 Hussar
36:39 Chemistry
36:25 Elite Mangudai
39:10 Gold Mining
40:18 Stone Mining
44:43 Gold Shaft Mining
44:55 Town Watch
Estergon_
11:12 Feudal Age
15:13 Castle Age
14:24 Double-Bit Axe
18:06 Gold Mining
19:08 Bow Saw
21:37 Husbandry
25:43 Scale Barding Armor
26:22 Wheelbarrow
26:53 Chain Barding Armor
26:51 Devotion
28:15 Gold Shaft Mining
28:40 Hand Cart
33:18 Forging
33:09 Scale Mail Armor
37:12 Imperial Age
37:39 Stone Mining
38:08 Gambesons
37:44 Man-at-Arms
38:24 Squires
39:01 Iron Casting
38:42 Chain Mail Armor
38:49 Cavalier
39:07 Long Swordsman
41:02 Blast Furnace
40:44 Plate Barding Armor
42:07 Paladin
45:06 Two-Handed Swordsman
46:18 Plate Mail Armor
49:26 Fletching
49:13 Elite Skirmisher
50:39 Bodkin Arrow
50:45 Padded Archer Armor
51:21 Champion
53:20 Leather Archer Armor
53:33 Ballistics
54:14 Chemistry
akbaba
10:23 Feudal Age
14:45 Castle Age
12:52 Double-Bit Axe
12:51 Horse Collar
15:48 Bow Saw
23:25 Heavy Plow
28:25 Imperial Age
26:33 Wheelbarrow
25:54 Gold Mining
28:20 Gold Shaft Mining
27:38 Stone Mining
29:01 Ballistics
29:01 Padded Archer Armor
28:52 Fletching
29:53 Sipahi
29:56 Conscription
31:13 Leather Archer Armor
30:54 Bodkin Arrow
31:09 Forging
30:25 Heavy Cavalry Archer
31:31 Parthian Tactics
31:48 Thumb Ring
32:54 Bracer
33:09 Leather Archer Armor
33:45 Iron Casting
33:16 Scale Barding Armor
33:16 Husbandry
33:26 Bloodlines
33:34 Artillery
41:48 Ring Archer Armor
52:45 Blast Furnace
52:06 Chain Barding Armor
MASTER
11:09 Feudal Age
12:27 Wheelbarrow
14:41 Castle Age
13:16 Stone Mining
13:56 Double-Bit Axe
15:33 Loom
15:38 Horse Collar
29:54 Imperial Age
27:57 Bow Saw
30:52 Gold Mining
31:30 Bloodlines
32:23 Gold Shaft Mining
35:38 Double Crossbow
35:44 Heavy Scorpion
39:46 Padded Archer Armor
39:37 Fletching
39:41 Light Cavalry
40:22 Husbandry
40:43 Forging
41:13 Leather Archer Armor
55:57 Leather Archer Armor
56:05 Ballistics
Connection lost

Rejoining the realm…

Still unreachable

The connection could not be restored.

Session expired

The server has moved on; the page needs a fresh start.